 Dungeon Crawl Stone Soup version 0.22-a0-422-g9628fc87f1 (webtiles) character file.

193 Kriby the Chopper (level 5, -4/47 HPs)
             Began as a Minotaur Berserker on May 18, 2018.
             Was a Believer of Trog.
             Killed by divine providence
             ... invoked by an orc priest
              (14 damage)
             ... on level 4 of the Dungeon.
             The game lasted 00:01:42 (2889 turns).

Kriby the Chopper (Minotaur Berserker)              Turns: 2889, Time: 00:01:42

Health: -4/47      AC:  7    Str: 23    XL:     5   Next: 44%
Magic:  4/4        EV: 12    Int:  4    God:    Trog [**....]
Gold:   166        SH:  0    Dex:  9    Spells: 4/4 levels left

rFire    . . .     SeeInvis .   s - +0 war axe
rCold    + . .     Gourm    .   (no shield)
rNeg     . . .     Faith    .   f - +0 ring mail
rPois    .         Spirit   .   (helmet restricted)
rElec    .         Reflect  .   (no cloak)
rCorr    .         Harm     .   (no gloves)
MR       ++...                  e - +0 pair of boots
Stlth    ..........             (no amulet)
HPRegen  1.15/turn              d - ring of protection from cold
MPRegen  0.09/turn              (no ring)

@: berserk cooldown, regenerating, slowed, very slow
A: retaliatory headbutt, horns 2
a: Berserk, Trog's Hand, Renounce Religion


You were on level 4 of the Dungeon.
You worshipped Trog.
Trog was pleased with you.
You were very hungry.

You visited 1 branch of the dungeon, and saw 4 of its levels.

You collected 166 gold pieces.

Inventory:

Hand Weapons
 a - a +0 hand axe
 s - a +0 war axe (weapon)
Armour
 b - a +0 animal skin
 e - a +0 pair of boots (worn)
 f - a +0 ring mail (worn)
Jewellery
 d - a ring of protection from cold (left hand)
 n - an uncursed ring of fire {unknown}
Scrolls
 g - a scroll of noise {unknown}
 h - 2 scrolls of remove curse
 i - a scroll of enchant armour {unknown}
 j - a scroll of fog {unknown}
 l - a scroll of identify {unknown}
 m - a scroll of blinking {unknown}
 o - a scroll of amnesia {unknown}
 p - a scroll of random uselessness {unknown}
 t - a scroll of magic mapping {unknown}
Potions
 k - a potion of curing
 q - a potion of mutation {unknown}
 r - a potion of heal wounds {unknown}
 u - a potion of haste {unknown}
 v - a potion of might {unknown}
Comestibles
 c - 7 rations


   Skills:
 + Level 4.6 Fighting
 * Level 5.5 Axes
 + Level 3.7 Armour
 + Level 3.3 Dodging


You had 4 spell levels left.
You didn't know any spells.
Your spell library was empty.

Dungeon Overview and Level Annotations

Branches:
Dungeon (4/15)
 Temple: D:4-7

Altars:
Ashenzari
Gozag
Hepliaklqana
Zin


Innate Abilities, Weirdness & Mutations

You reflexively headbutt those who attack you in melee.
You have a pair of horns on your head.


Message History

Trog accepts your kill.
Trog appreciates your killing of a magic user.
Your life force feels restored.
You feel better.
As you read the scroll labeled KATEQO GIEPRA, it crumbles to dust.
You feel blessed for a moment.
It was a scroll of remove curse.
Your skin crawls.
You feel resistant to hostile enchantments.
You feel somewhat more hungry. The orc hits you but does no damage.
The orc priest looks braver for a moment.
The orc closely misses you.
You closely miss the orc.
The orc priest calls down the wrath of Beogh upon you.
Beogh smites you!
* * * LOW HITPOINT WARNING * * *
The orc hits you.
* * * LOW HITPOINT WARNING * * *
The orc priest calls down the wrath of Beogh upon you.
Beogh smites you!
You die...

.###.... .# ........ ...
#.....#+###.# #...........#
#...........## ...#
............. .... §
#.........# #..# ≈§#####
#.o@......# #..# ≈......
#o######..# #..# ....... #.#
# #.#..# .......##)######.
#.#..#####
?.....)†o.$.......#.#......#
...o...##.######..#.#.####.#
.ooo..)..................>..
...####.#...............#..#
.. #...........#....##..#


You could see an orc priest and an orc.

Vanquished Creatures
  2 orc priests (D:4)
  2 orc wizards (D:4)
  2 adders
  2 worms
  A dart slug (D:2)
  2 leopard geckos
  A ball python (D:1)
  3 giant cockroaches
  6 goblins
  4 hobgoblins
  5 jackals (D:2)
  A quokka (D:3)
  7 bats
  5 frilled lizards
  5 kobolds
  5 rats
53 creatures vanquished.

Notes
Turn   | Place    | Note
-------+----------+-------------------------------------------
     0 | D:1      | Kriby the Minotaur Berserker began the quest for the Orb.
     0 | D:1      | Reached XP level 1. HP: 19/19 MP: 0/0
   414 | D:1      | Reached XP level 2. HP: 27/27 MP: 1/1
   460 | D:1      | Reached skill level 4 in Axes
  1123 | D:2      | Found a hazy altar of Hepliaklqana.
  1293 | D:2      | Found an opulent altar of Gozag.
  1293 | D:2      | Found a glowing silver altar of Zin.
  1332 | D:2      | Reached XP level 3. HP: 33/33 MP: 2/2
  1706 | D:2      | Found a shattered altar of Ashenzari.
  1816 | D:2      | Reached ** piety under Trog
  2389 | D:3      | Reached XP level 4. HP: 40/40 MP: 3/3
  2856 | D:4      | Reached skill level 5 in Axes
  2865 | D:4      | Reached XP level 5. HP: 14/47 MP: 4/4
  2889 | D:4      | Killed from afar by an orc priest

Vault maps used:
D:1:      elethiomel_arrival_shortcut
D:2:      grunt_temple_overflow_gold_and_silver, nicolae_overflow_hidden_temple,
          evilmike_ruin_ashenzari
D:3:      first_ration, minmay_misc_feat_four_crosses
D:4:      lemuel_upstairs_altar, minmay_temple_entry_mist

Skill      XL: |  1  2  3  4 |
---------------+-------------+-----
Axes           | 4 5 |  5.5
Fighting       | 4 |  4.6
Armour         | 3 |  3.7
Dodging        | 3 |  3.3

Action                   |  1- 3 |  4- 6 || total
-------------------------+-------+-------++-------
Melee: Hand axe          |    82 |    14 ||    96
       Headbutt          |    14 |     4 ||    18
       War axe           |       |     2 ||     2
Invok: Berserk           |       |     1 ||     1
       Trog's Hand       |       |     1 ||     1
  Use: Potion            |       |     2 ||     2
       Scroll            |       |     1 ||     1
 Stab: Sleeping          |     1 |       ||     1
  Eat: Chunk             |     4 |     2 ||     6
Armor: Animal skin       |    23 |       ||    23
       Ring mail         |     2 |     4 ||     6
Dodge: Dodged            |    65 |    10 ||    75

Table legend:
 A = Spawn XP
 B = Non-spawn XP
 C = Spawn XP percentage of total XP
 D = Spawn monster count
 E = Non-spawn monster count
 F = Spawn count percentage of total count
 G = Total turns spent on level
                    A         B        C        D         E        F      G
               +---------+---------+-------+---------+---------+-------+---------
         Total |       0 |     277 |   0.0 |       0 |      53 |   0.0 |  2889
               +---------+---------+-------+---------+---------+-------+---------
           D:1 |       0 |      20 |   0.0 |       0 |      12 |   0.0 |   975
           D:2 |       0 |      53 |   0.0 |       0 |      23 |   0.0 |  1194
           D:3 |       0 |      38 |   0.0 |       0 |      14 |   0.0 |   626
           D:4 |       0 |     166 |   0.0 |       0 |       4 |   0.0 |    94
               +---------+---------+-------+---------+---------+-------+---------
